 Dungeon Crawl Stone Soup version 0.25.1-2-g60ff931df9 (webtiles) character file.

Game seed: 655606471986322098

18680 Curus the Impaler (level 12, -4/101 HPs)
             Began as a Merfolk Gladiator on Aug 4, 2020.
             Was a High Priest of Yredelemnul.
             Slain by Sonja
             ... wielding a +2 dagger of distortion
              (15 damage)
             ... on level 4 of the Lair of Beasts.
             The game lasted 01:21:22 (14172 turns).

Curus the Impaler (Merfolk Gladiator)              Turns: 14172, Time: 01:21:23

Health: -4/101     AC: 12    Str: 22    XL:     12   Next: 61%
Magic:  17/17      EV: 23    Int:  7    God:    Yredelemnul [*****.]
Gold:   455        SH:  0    Dex: 19    Spells: 11/11 levels left

rFire    + . .     SeeInvis .   F - +4 glaive (flame)
rCold    + + .     Gourm    .   (shield currently unavailable)
rNeg     . . .     Faith    .   t - +2 steam dragon scales
rPois    .         Spirit   .   (helmet restricted)
rElec    .         Reflect  .   A - scarf {rC+ rF+}
rCorr    +         Harm     .   j - +1 pair of gloves
MR       .....                  i - +1 pair of boots
Stlth    ++........             (no amulet)
HPRegen  0.26/turn              M - +6 ring of strength
MPRegen  0.15/turn              u - ring of resist corrosion

@: slowed, very slow
A: change form in water, swift swim, stealthy swim, antennae 1, rugged brown
scales 1, cold resistance 1, wild magic 1
a: Recall Undead Slaves, Injury Mirror, Animate Dead, Drain Life, Enslave Soul,
Renounce Religion


You were on level 4 of the Lair of Beasts.
You worshipped Yredelemnul.
Yredelemnul was extremely pleased with you.
You were hungry.

You visited 2 branches of the dungeon, and saw 13 of its levels.
You also visited: Bailey.

You collected 690 gold pieces.
You spent 235 gold pieces at shops.

Inventory:

Hand Weapons
 a - a +0 trident
 x - a cursed -1 spear
 y - a +2 trident of venom
 F - a +4 glaive of flaming (weapon)
Missiles
 d - 3 throwing nets (quivered)
Armour
 b - a +1 leather armour
 c - a +0 helmet
 i - a +1 pair of boots (worn)
 j - a +1 pair of gloves (worn)
 n - a +3 leather armour
 t - +2 steam dragon scales (worn)
 A - a scarf of resistance (worn)
 K - a +0 buckler
Jewellery
 e - a -4 ring of intelligence
 p - a +4 ring of evasion
 s - an uncursed amulet of inaccuracy
 u - a ring of resist corrosion (right hand)
 L - an uncursed ring of magical power
 M - a +6 ring of strength (left hand)
Wands
 q - a wand of flame (44)
 v - a wand of acid (19)
 w - a wand of clouds (7)
 J - a wand of iceblast (15)
Scrolls
 h - 10 scrolls of identify
 m - a scroll of teleportation
 o - 6 scrolls of remove curse
 r - 3 scrolls of fog
 z - a scroll of blinking
 B - a scroll of summoning
 I - 2 scrolls of enchant weapon
Potions
 g - 3 potions of heal wounds
 k - a potion of ambrosia
 l - a potion of flight
 C - 2 potions of resistance
 D - a potion of might
 E - a potion of haste
 G - 5 potions of curing
Comestibles
 f - 32 rations


   Skills:
 - Level 10.9 Fighting
 + Level 16.3 Polearms
 - Level 2.0 Throwing
 - Level 13.0 Dodging
 + Level 7.1 Invocations
 + Level 6.5 Evocations


You had 11 spell levels left.
You didn't know any spells.
Your spell library contained the following spells:

 Spells                   Type           Power        Failure   Level  Hunger
 Cause Fear               Hex            #.........   99%         4    #####..
 Silence                  Hex/Air        #.........   100%        5    ######.
 Yara's Violent Unravell  Hex/Tmut       #.........   100%        5    ######.
 Discord                  Hex            #.........   100%        8    #######


Dungeon Overview and Level Annotations

Branches:
Dungeon (9/15)             Temple (0/1) D:5            Lair (4/6) D:9
 Spider (0/4) Lair:2       Bailey (visited)
  Swamp: Lair:2-4    Shoals: Lair:2-4       Orc: D:9-12

Altars:
Fedhas
Trog
Wu Jian
Xom
Yredelemnul
Zin
The Shining One

Shops:
D:4 (?:(

Annotations:
Lair:4 Sonja


Innate Abilities, Weirdness & Mutations

You revert to your normal form in water.
You are very nimble and swift while swimming.
You are very stealthy in the water. (Stealth+)
You have a pair of small antennae on your head.
You are partially covered in rugged brown scales. (AC +1, +3% HP)
Your flesh is cold resistant. (rC+)
Your spells are a little harder to cast, but a little more powerful.


Message History

Space warps horribly around you!
* * * LOW HITPOINT WARNING * * *
Sonja completely misses you. Sonja hits you but does no damage.
You blink.
Evoke which item? (* to show all) (? for menu, Esc to quit)
Aiming: Corrosive Bolt
Press: ? - help, Shift-Dir - straight line, f - Sonja, p - hippogriff
Aim: Sonja, wielding a +2 dagger of distortion (severely wounded)
The bolt of acid hits the hippogriff!!
The hippogriff is splashed with acid.
The acid corrodes the hippogriff!
You kill the hippogriff!
Yredelemnul accepts your kill.
The bolt of acid misses Sonja.
Attack whom?
Press: ? - help, Dir - move target cursor, f/p - Sonja
Aim: Sonja, wielding a +2 dagger of distortion (severely wounded)
You reach to attack!
You barely miss Sonja.
Sonja is severely wounded.
Sonja hits you but does no damage. Space warps horribly around you!
You die...
Your body rises from the dead as a mindless zombie.

#..# #...# #
#...##P#...###.
............... .....
......... #..#
#........ ##..#
#........
#...####........
#P@K.#.#........
.....................
.....................
................###.♣
...............##
...............##
#.........[.......#
####............!†..##
...............)....#


You could see Sonja.

Vanquished Creatures
  5 orc knights (Bailey)
  A spiny frog (Lair:4)
  5 black mambas
  Maggie (D:6)
  A komodo dragon (Lair:1)
  4 jumping spiders (Lair:2)
  A troll (D:9)
  6 hippogriffs
  2 blink frogs (Lair:3)
  A redback (Lair:2)
  A wyvern (Lair:3)
  A spriggan (D:8)
  Eustachio (D:5)
  11 yaks
  A basilisk (Lair:1)
  2 hungry ghosts
  Edmund (D:6)
  6 water moccasins
  4 porcupines
  Duvessa (D:6)
  A sky beast (D:9)
  7 orc warriors
  2 ice beasts
  3 wolves (Lair:3)
  9 ogres
  6 centaurs
  3 crocodiles
  5 bullfrogs
  Dowan (D:6)
  A scorpion (D:4)
  3 wights (D:9)
  A howler monkey (D:6)
  An electric eel (D:6)
  4 crimson imps
  A bullfrog zombie (D:6)
  2 jellies
  6 hounds
  A centaur skeleton (D:4)
  2 orc priests
  4 orc wizards
  2 iguanas
  6 worker ants
  A killer bee zombie (D:6)
  A howler monkey skeleton (D:7)
  9 adders
  8 gnolls
  2 shadow imps
  2 adder zombies (D:7)
  2 adder skeletons (D:4)
  3 worms
  4 dart slugs
  6 leopard geckos
  45 orcs
  3 giant cockroaches
  15 goblins
  5 hobgoblins
  13 jackals
  6 quokkas
  A ball python (D:3)
  10 bats
  4 frilled lizards
  13 kobolds
  14 rats
  A spectral orc (D:3)
  A bush (D:4)
  2 plants (D:4)
298 creatures vanquished.

Vanquished Creatures (collateral kills)
  3 hydras (Lair:2)
  A spiny frog (Lair:1)
  3 komodo dragons
  A jumping spider (Lair:2)
  A blink frog (Lair:3)
  A redback (Lair:2)
  A basilisk (Lair:2)
  2 yaks (Lair:1)
  2 water moccasins (Lair:2)
  2 porcupines (Lair:2)
  A black bear (D:9)
  2 wolves (Lair:3)
  2 crocodiles
  2 bullfrogs (D:8)
  A hound (D:8)
  A centaur skeleton (D:5)
  An adder (D:5)
  A shadow imp (D:9)
  5 orcs
  A giant cockroach (D:8)
  3 fungi (Lair:2)
  A plant (Lair:2)
38 creatures vanquished.

Vanquished Creatures (others)
  4 wights
  A bullfrog skeleton (D:6)
  An ogre skeleton (D:8)
  2 adder zombies
  6 orc zombies
  A goblin zombie (D:8)
  3 jackal skeletons
  3 orc skeletons
21 creatures vanquished.

Grand Total: 357 creatures vanquished

Notes
Turn   | Place    | Note
-------+----------+-------------------------------------------
     0 | D:1      | Curus the Merfolk Gladiator began the quest for the Orb.
     0 | D:1      | Reached XP level 1. HP: 16/16 MP: 1/1
    81 | D:1      | Reached skill level 5 in Polearms
    95 | D:1      | Reached XP level 2. HP: 17/22 MP: 2/2
   523 | D:1      | Reached skill level 6 in Polearms
   523 | D:1      | Reached XP level 3. HP: 27/27 MP: 3/3
  1452 | D:2      | Reached XP level 4. HP: 32/33 MP: 4/4
  1481 | D:2      | Reached skill level 7 in Polearms
  1684 | D:3      | Found a faded altar of an unknown god.
  2203 | D:3      | Found a basalt altar of Yredelemnul.
  2210 | D:3      | Became a worshipper of Yredelemnul the Dark
  2308 | D:3      | Reached skill level 8 in Polearms
  2311 | D:3      | Reached XP level 5. HP: 36/38 MP: 5/5
  2357 | D:3      | Gained mutation: You are partially covered in rugged brown
                  | scales. (AC +1, +3% HP) [potion of mutation]
  2357 | D:3      | Gained mutation: Your flesh is cold resistant. (rC+)
                  | [potion of mutation]
  2357 | D:3      | Gained mutation: Your spells are a little harder to cast,
                  | but a little more powerful. [potion of mutation]
  2357 | D:3      | Gained mutation: You have a pair of small antennae on your
                  | head. [potion of mutation]
  2681 | D:4      | Found Guxkinox's Magic Scroll Boutique.
  2684 | D:4      | Bought a scroll of teleportation for 36 gold pieces
  2684 | D:4      | Bought a scroll of fog for 24 gold pieces
  2745 | D:4      | Noticed an ogre
  2757 | D:4      | Killed an ogre
  2757 | D:4      | Reached skill level 9 in Polearms
  2757 | D:4      | Reached XP level 6. HP: 25/45 MP: 6/6
  2997 | D:4      | Reached skill level 10 in Polearms
  3400 | D:4      | Reached * piety under Yredelemnul
  3476 | D:4      | Found Jyucowee's Book Shoppe.
  3578 | D:4      | Found Dedeul's Antique Weapon Emporium.
  3624 | D:4      | Found Vouvas's Antique Weapon Shoppe.
  3945 | D:5      | Entered Level 5 of the Dungeon
  4064 | D:5      | Reached XP level 7. HP: 51/51 MP: 7/7
  4073 | D:5      | Reached skill level 11 in Polearms
  4257 | D:5      | Noticed Eustachio
  4351 | D:5      | HP: 2/51 [bat[Eustachio] (1)]
  4365 | D:5      | Killed Eustachio
  4365 | D:5      | Reached skill level 12 in Polearms
  4703 | D:5      | Found a glowing silver altar of Zin.
  4703 | D:5      | Found a glowing golden altar of the Shining One.
  4759 | D:5      | Found a blossoming altar of Fedhas.
  5025 | D:5      | Found a staircase to the Ecumenical Temple.
  5193 | D:6      | Reached XP level 8. HP: 57/57 MP: 8/8
  5261 | D:6      | Noticed Edmund
  5285 | D:6      | Killed Edmund
  5285 | D:6      | Reached skill level 13 in Polearms
  5500 | D:6      | Noticed Maggie
  5536 | D:6      | HP: 2/57 [orc (2)]
  5899 | D:6      | Reached skill level 14 in Polearms
  6065 | D:6      | Found a bloodstained altar of Trog.
  6369 | D:6      | Killed Maggie
  6369 | D:6      | Reached XP level 9. HP: 63/67 MP: 9/9
  6416 | D:6      | Reached ** piety under Yredelemnul
  6720 | D:6      | Reached skill level 5 in Fighting
  7004 | D:6      | Noticed Dowan
  7005 | D:6      | Noticed Duvessa
  7034 | D:6      | Killed Duvessa
  7037 | D:6      | Killed Dowan
  7152 | D:6      | Found an ornate altar of the Wu Jian Council.
  7337 | D:7      | Found a shimmering altar of Xom.
  7338 | D:7      | Found a shimmering altar of Xom.
  7338 | D:7      | Found a shimmering altar of Xom.
  7339 | D:7      | Found a shimmering altar of Xom.
  7339 | D:7      | Found a shimmering altar of Xom.
  7342 | D:7      | Found a shimmering altar of Xom.
  7342 | D:7      | Found a shimmering altar of Xom.
  7934 | D:4      | Bought a glowing trident for 175 gold pieces
  8373 | D:7      | Reached *** piety under Yredelemnul
  8557 | D:8      | Reached XP level 10. HP: 81/81 MP: 7/10
  8621 | D:8      | Found a flagged portal.
  8626 | Bailey   | Entered a bailey
  8714 | Bailey   | Reached skill level 10 in Dodging
  8774 | Bailey   | Identified a scroll of acquirement
  8774 | Bailey   | Acquired a +3 glaive of flaming
  8784 | Bailey   | Noticed an orc knight
  8784 | Bailey   | Noticed an orc knight
  8785 | Bailey   | Reached **** piety under Yredelemnul
  8793 | Bailey   | Killed an orc knight
  8796 | Bailey   | Noticed an orc knight
  8848 | Bailey   | HP: 1/84 [orc knight/+0 halberd (10)]
  8854 | Bailey   | Killed an orc knight
  8871 | Bailey   | Noticed an orc knight
  8874 | Bailey   | Noticed an orc knight
  8894 | Bailey   | HP: 4/85 [orc wizard/magic dart[an orc knight] (6)]
  8908 | Bailey   | Killed an orc knight
  9216 | Bailey   | Killed an orc knight
  9248 | Bailey   | Noticed an orc knight
  9259 | Bailey   | Killed an orc knight
  9259 | Bailey   | Reached skill level 10 in Fighting
  9470 | D:8      | Received a gift from Yredelemnul (a wight)
  9584 | D:8      | Reached XP level 11. HP: 93/93 MP: 11/11
 10439 | D:9      | Found a staircase to the Lair.
 10446 | D:9      | Received a gift from Yredelemnul (a wight)
 10467 | Lair:1   | Entered Level 1 of the Lair of Beasts
 10598 | Lair:1   | Reached skill level 1 in Invocations
 10599 | Lair:1   | Reached skill level 1 in Evocations
 11644 | Lair:2   | Received a gift from Yredelemnul (a wight)
 11670 | Lair:2   | Reached skill level 15 in Polearms
 11682 | Lair:2   | Noticed a seven-headed hydra
 11688 | Lair:2   | Killed a four-headed hydra
 11874 | Lair:2   | Reached skill level 5 in Invocations
 11874 | Lair:2   | Reached XP level 12. HP: 97/101 MP: 15/15
 11880 | Lair:2   | Found a hole to the Spider Nest.
 12164 | Lair:2   | Reached ***** piety under Yredelemnul
 12426 | Lair:2   | Reached skill level 5 in Evocations
 12427 | Lair:2   | Noticed an eight-headed hydra
 12432 | Lair:2   | Killed a five-headed hydra
 12483 | Lair:2   | Noticed a five-headed hydra
 12491 | Lair:2   | Killed a one-headed hydra
 12492 | Lair:2   | Received a gift from Yredelemnul (a wight)
 13641 | Lair:3   | Reached skill level 16 in Polearms
 14122 | Lair:4   | Noticed Sonja
 14161 | Lair:4   | HP: 5/101 [Sonja/+2 dagger of distortion (1)]
 14172 | Lair:4   | Slain by Sonja

Illustrated notes

Levels and vault maps discovered:
D:1:      wander_arrival_fairy_ring, layout_basic
D:2:      layout_basic, glass_columns_c
D:3:      layout_loops_ring, yredelemnul_forgotten_temple_becter,
          chequers_ecumenical_altar_simple_redux, first_ration, minmay_between
D:4:      layout_rooms, serial_forest, infiniplex_forest_straight_4,
          infiniplex_forest_clump_double, infiniplex_forest_clump_small,
          infiniplex_forest_end_double, infiniplex_forest_clump_diagonal,
          serial_shops, kennysheep_mini, nicolae_shop_behind_doors, shop,
          nicolae_shop_crystal
D:5:      layout_gridville, gammafunk_temple_overflow_forgotten, temple_green,
          uniq_eustachio
D:6:      layout_loops_corners, kennysheep_little_box, kennysheep_minor_cross,
          trog_three_pillars_becter, uniq_maggie, uniq_duvessa, uniq_edmund
D:7:      layout_loops_corners, xom_shifter_show, lemuel_old_faithful,
          uniq_prince_ribbit1
D:8:      layout_basic, enter_bailey_3, the_bakery
D:9:      layout_basic, lair_entry_dummy
Lair:1:   layout_chaotic_city
Lair:2:   layout_long_grid, nicolae_spider_entry_tight_spaces,
          serial_bayou_shore_b
Lair:3:   layout_small_grid, lemuel_fruit_tree
Lair:4:   layout_small_grid, minmay_swamp_entry_worms,
          grunt_forest_stairs_basic, kennysheep_rathole, grunt_megastairs_1,
          uniq_nergalle, uniq_sonja

Skill      XL: |  1  2  3  4  5  6  7  8  9 10 11 12 |
---------------+-------------------------------------+-----
Polearms       | 5 6 8 9 10 12 14 15 16 | 16.3
Fighting       | 4 7 10 | 10.9
Dodging        | 6 9 12 13 | 13.0
Invocations    | 5 7 |  7.1
Evocations     | 4 6 |  6.5
Throwing       | |  2.0

Action                   |  1- 3 |  4- 6 |  7- 9 | 10-12 || total
-------------------------+-------+-------+-------+-------++-------
Melee: Trident           |   128 |   363 |   539 |    39 ||  1069
       Glaive            |       |       |       |   327 ||   327
Throw: Throwing net      |       |       |       |     2 ||     2
Invok: Animate Remains   |       |     2 |    13 |       ||    15
       Animate Dead      |       |       |     3 |    12 ||    15
       Recall Undead Sla |       |       |       |     1 ||     1
Evoke: Wand              |       |       |     1 |     9 ||    10
  Use: Scroll            |     5 |     1 |     4 |     7 ||    17
       Potion            |     4 |     3 |     2 |     8 ||    17
 Stab: Sleeping          |     4 |     2 |     4 |     6 ||    16
       Distracted        |       |     1 |     1 |     2 ||     4
       Confused          |       |       |       |     3 ||     3
  Eat: Chunk             |     2 |     9 |    19 |    18 ||    48
       Ration            |       |       |       |     1 ||     1
Armor: Leather armour    |    19 |    38 |    51 |       ||   108
       Steam dragon scal |       |       |    10 |    47 ||    57
Dodge: Dodged            |    75 |   113 |   329 |   376 ||   893
